 Dungeon Sprint DCSS version 0.19.1-1-g22dce08 (webtiles) character file.

301 Slime the Purveyor of Pain (level 6, -11/32 HPs)
             Began as a Deep Elf Necromancer on Jan 2, 2017.
             Was an Initiate of Kikubaaqudgha.
             Mangled by a slime creature (22 damage)
             ... in the Dungeon (Sprint I: "Red Sonja").
             The game lasted 00:02:32 (488 turns).

Slime the Purveyor of Pain (Deep Elf Necromancer)    Turns: 488, Time: 00:02:32

Health: -11/32     AC:  2    Str:  5    XL:     6   Next: 14%
Magic:  8/15       EV: 13    Int: 22    God:    Kikubaaqudgha [......]
Gold:   247        SH:  0    Dex: 15    Spells: 5 memorised, 3 levels left

rFire  . . .     SeeInvis .     (no weapon)
rCold  . . .     Gourm    .     a - +0 robe
rNeg   . . .     Faith    .     (no shield)
rPois  .         Spirit   .     (no helmet)
rElec  .         Reflect  .     (no cloak)
rCorr  .         Harm     .     (no gloves)
MR     .....     NoTele   +     (no boots)
Stlth  ++........               (no amulet)
                                (no ring)
                                (no ring)

@: regenerating
A: no striking features
a: Renounce Religion


You were in the Dungeon.
You worshipped Kikubaaqudgha.
Kikubaaqudgha was noncommittal.
You were not hungry.

You visited 1 branch You collected 297 gold pieces.
You spent 50 gold pieces at shops.

Inventory:

Armour
 a - a +0 robe (worn)
Wands
 j - a wand of lightning (5/15)
Scrolls
 i - 2 scrolls of blinking
Potions
 d - 2 potions of curing
 e - 2 potions of heal wounds
 f - a potion of haste
 g - 2 potions of magic
 h - a potion of degeneration {unknown}
Books
 b - a book of Necromancy

   Spells                             Type                      Level
   a - Pain                           Necromancy                   1
   b - Animate Skeleton               Necromancy                   1
   c - Vampiric Draining              Necromancy                   3
   d - Regeneration                   Charms/Necromancy            3
   e - Animate Dead                   Necromancy                   4
   f - Control Undead                 Necromancy                   4
Comestibles
 c - a bread ration


   Skills:
 - Level 2.4 Dodging
 - Level 2.4 Stealth
 + Level 5.0 Spellcasting
 - Level 0.8 Charms
 + Level 14.8 Necromancy


You had 3 spell levels left.
You knew the following spells:

 Your Spells              Type           Power        Failure   Level  Hunger
a - Pain                  Necr           ####         1%          1    None
b - Animate Skeleton      Necr           N/A          1%          1    None
c - Regeneration          Chrm/Necr      #####.....   1%          3    ##.....
d - Vampiric Draining     Necr           ######....   1%          3    ##.....
e - Animate Dead          Necr           N/A          1%          4    ####...


Dungeon Overview and Level Annotations

Branches:
Dungeon (1/1)

Altars:
Cheibriados
Dithmenos
Elyvilon
Fedhas
Gozag
Hepliaklqana
Kikubaaqudgha
Makhleb
Nemelex Xobeh
Okawaru
Qazlal
Ru
Sif Muna
Trog
Uskayaw
Vehumet
Xom
Yredelemnul
Zin
The Shining One
Jiyva
Lugonu

Shops:
D *


Message History

The slime creature writhes in agony!
Casting: Pain
Confirm with . or Enter, or press ? or * to list all spells.
Aiming: Pain
Press: ? - help, Shift-Dir - straight line, f/p - slime creature
Aim: a slime creature (lightly wounded, chance to defeat MR: 71%)
The slime creature struggles to resist.
Casting: Pain
Confirm with . or Enter, or press ? or * to list all spells.
Aiming: Pain
Press: ? - help, Shift-Dir - straight line, f/p - slime creature
Aim: a slime creature (lightly wounded, chance to defeat MR: 71%)
The slime creature writhes in agony!
The slime creature hits you!!
Ouch! That really hurt!
Casting: Pain
Confirm with . or Enter, or press ? or * to list all spells.
Your skin crawls.
The slime creature hits you!!
Ouch! That really hurt!
You die...
Kikubaaqudgha rasps: "You have failed me!
Welcome... death!"

################ ##
#<.#..'..#..'..#__#
#..)..#..').#@J)..+
#..#####'#####'#__#
# #..####..#...#.#
##/?#
#..#__####..##.#≈≈§§
#..#_____##'#..+≈≈§
#⌠⌠#_.∩...'..._#§≈§§
####_..__##_.#'# + #
#_____###+#.#
####### ###


You could see a slime creature.

Vanquished Creatures
  A yak (D)
  An ogre (D)
  Ijyb (D)
3 creatures vanquished.

Vanquished Creatures (collateral kills)
  Sigmund (D)
  A jelly (D)
2 creatures vanquished.

Grand Total: 5 creatures vanquished

Notes
Turn   | Place    | Note
-------+----------+-------------------------------------------
     0 | D        | Slime the Deep Elf Necromancer began the quest for the Orb.
     0 | D        | Reached XP level 1. HP: 10/10 MP: 6/6
     2 | D        | Noticed Ijyb
     7 | D        | Killed Ijyb
     7 | D        | Reached skill level 8 in Necromancy
     7 | D        | Reached XP level 2. HP: 9/15 MP: 1/8
    11 | D        | Learned a level 1 spell: Animate Skeleton
   151 | D        | Noticed an ogre
   172 | D        | Killed an ogre
   172 | D        | Reached skill level 11 in Necromancy
   172 | D        | Reached XP level 3. HP: 5/19 MP: 5/9
   172 | D        | Reached XP level 4. HP: 7/24 MP: 5/10
   211 | D        | Learned a level 3 spell: Regeneration
   215 | D        | Learned a level 3 spell: Vampiric Draining
   255 | D        | Noticed Sigmund
   265 | D        | Killed Sigmund
   265 | D        | Reached skill level 13 in Necromancy
   265 | D        | Reached XP level 5. HP: 28/28 MP: 8/11
   324 | D        | Found a deep blue altar of Sif Muna.
   326 | D        | Found a radiant altar of Vehumet.
   340 | D        | Found Zeten's General Store.
   340 | D        | Found an ancient bone altar of Kikubaaqudgha.
   340 | D        | Found a hazy altar of Hepliaklqana.
   340 | D        | Found a stormy altar of Qazlal.
   340 | D        | Found a hide-covered altar of Uskayaw.
   340 | D        | Found a blossoming altar of Fedhas.
   340 | D        | Found a bloodstained altar of Trog.
   340 | D        | Found an iron altar of Okawaru.
   340 | D        | Found a basalt altar of Yredelemnul.
   340 | D        | Found a glowing golden altar of the Shining One.
   340 | D        | Found a snail-covered altar of Cheibriados.
   340 | D        | Found a sacrificial altar of Ru.
   340 | D        | Found a glowing silver altar of Zin.
   340 | D        | Found a shadowy altar of Dithmenos.
   340 | D        | Found a white marble altar of Elyvilon.
   340 | D        | Noticed a yak
   346 | D        | Killed a yak
   346 | D        | Reached skill level 5 in Spellcasting
   346 | D        | Reached skill level 14 in Necromancy
   346 | D        | Reached XP level 6. HP: 4/32 MP: 4/15
   348 | D        | Found an opulent altar of Gozag.
   349 | D        | Found a sparkling altar of Nemelex Xobeh.
   353 | D        | Bought a potion of heal wounds for 50 gold pieces
   355 | D        | Became a worshipper of Kikubaaqudgha
   463 | D        | Learned a level 4 spell: Animate Dead
   477 | D        | Found a burning altar of Makhleb.
   477 | D        | Found a viscous altar of Jiyva.
   477 | D        | Found a shimmering altar of Xom.
   477 | D        | Found a corrupted altar of Lugonu.
   477 | D        | Noticed a slime creature
   488 | D        | Mangled by a slime creature

Skill      XL: |  1  2  3  4  5 |
---------------+----------------+-----
Necromancy     | 8 11 13 14 | 14.8
Spellcasting   | 5 |  5.0
Dodging        | |  2.4
Stealth        | |  2.4
Charms         | |  0.8

Action                   |  1- 3 |  4- 6 || total
-------------------------+-------+-------++-------
Melee: Unarmed           |     4 |       ||     4
 Cast: Pain              |     9 |     5 ||    14
       Regeneration      |       |     3 ||     3
       Animate Skeleton  |       |     1 ||     1
       Animate Dead      |       |     1 ||     1
       Vampiric Draining |       |     1 ||     1
  Use: Potion            |     1 |       ||     1
Armor: Robe              |       |     1 ||     1
Dodge: Dodged            |     3 |       ||     3
